 Dungeon Crawl Stone Soup version 0.26-a0-652-gafc20e3620 (webtiles) character file.

Game seed: 8362108731347631317

3583 KikubaaqudghaCute the Fighter (level 9, 0/87 HPs)
             Began as a Palentonga Warper on Sept 26, 2020.
             Was a Follower of Kikubaaqudgha.
             Slain by Psyche
             ... wielding a +3 dagger of distortion
              (11 damage)
             ... on level 8 of the Dungeon on Oct 3, 2020.
             The game lasted 00:36:46 (12087 turns).

KikubaaqudghaCute the Fighter (Palentonga Warper)  Turns: 12087, Time: 00:36:47

Health: 0/87       AC:  7    Str: 21    XL:     9   Next: 85%
Magic:  12/12      EV: 11    Int: 16    God:    Kikubaaqudgha [*.....]
Gold:   26         SH:  0    Dex: 16    Spells: 3/12 levels left

rFire    . . .     SeeInvis +   p - +4 quarterstaff (speed)
rCold    + . .     Faith    .   (shield currently unavailable)
rNeg     . . .     Spirit   .   r - +1 leather armour {rC+}
rPois    .         Reflect  .   (no helmet)
rElec    .         Harm     .   (no cloak)
rCorr    .         Rampage  .   C - +0 pair of gloves
MR       .....                  (no barding)
Stlth    +.........             (no amulet)
HPRegen  0.24/turn              b - +6 ring of strength
MPRegen  0.13/turn              L - +6 ring of dexterity

@: hasted, very quick
A: large, rugged brown scales 3, see invisible, deformed body, roll, armoured
tail
a: Rolling Charge, Receive Corpses, Renounce Religion


You were on level 8 of the Dungeon.
You worshipped Kikubaaqudgha.
Kikubaaqudgha was aware of your devotion.
You visited 2 branches of the dungeon, and saw 9 of its levels.

You collected 434 gold pieces.
You spent 408 gold pieces at shops.

Inventory:

Hand Weapons
 d - a +0 whip of freezing
 p - a +4 quarterstaff of speed (weapon)
Missiles
 e - 5 boomerangs of dispersal
 s - 30 poisoned darts (quivered)
Armour
 r - a +1 leather armour of cold resistance (worn)
 z - a +0 kite shield
 C - a +0 pair of gloves (worn)
 D - a +0 chain mail of positive energy
 H - +0 storm dragon scales
Magical Staves
 I - an uncursed staff of death
Jewellery
 b - a +6 ring of strength (left hand)
 g - an uncursed ring of protection from magic
 l - an uncursed ring of flight
 y - a +6 ring of dexterity
 J - an uncursed ring of magical power
 L - a +6 ring of dexterity (right hand)
Wands
 E - a wand of enslavement (5)
Scrolls
 c - 3 scrolls of magic mapping
 f - 7 scrolls of remove curse
 h - 3 scrolls of enchant armour
 j - 3 scrolls of immolation {unknown}
 m - 5 scrolls of teleportation
 n - 2 scrolls of fear
 w - 2 scrolls of noise {unknown}
 x - a scroll of fog {unknown}
 A - a scroll of amnesia {unknown}
Potions
 a - 2 potions of heal wounds
 i - a potion of curing
 k - 2 potions of lignification
 o - 4 potions of flight
 q - a potion of mutation
 t - a potion of haste
 u - a potion of resistance
 v - 2 potions of magic
 B - a potion of stabbing
 F - a potion of berserk rage {unknown}
 G - a potion of invisibility {unknown}
 K - a potion of brilliance {unknown}


   Skills:
 * Level 8.4 Fighting
 - Level 7.3(7.6) Maces & Flails
 * Level 2.6(5.4) Staves
 - Level 1.0 Throwing
 - Level 3.0 Armour
 - Level 3.0 Dodging
 * Level 2.6 Shields
 - Level 2.0 Spellcasting
 * Level 4.4 Necromancy
 - Level 5.0 Translocations


You had 3 spell levels left.
You knew the following spells:

 Your Spells              Type           Power        Failure   Level
g - Gell's Gravitas       Tloc           ###.......   9%          3
p - Passage of Golubria   Tloc           N/A          30%         4
B - Blink                 Tloc           N/A          4%          2

Your spell library contained the following spells:

 Spells                   Type           Power        Failure   Level
 Animate Skeleton         Necr           ###...       3%          1
 Pain                     Necr           ###.         3%          1
 Sublimation of Blood     Necr           ###.......   6%          2
 Lesser Beckoning         Tloc           ###.......   9%          3
 Teleport Other           Tloc           ###.....     9%          3
 Vampiric Draining        Necr           ###.......   12%         3
 Animate Dead             Necr           ###.......   36%         4
 Agony                    Necr           ###.....     71%         5


Dungeon Overview and Level Annotations

Branches:
Dungeon (8/15)             Temple (1/1) D:6
   Lair: D:8-11

Altars:
Ashenzari
Dithmenos
Fedhas
Gozag
Kikubaaqudgha
Makhleb
Nemelex Xobeh
Okawaru
Qazlal
Ru
Sif Muna
Trog
Vehumet
Wu Jian
Xom
Yredelemnul
The Shining One

Shops:
D:8 (

Annotations:
D:8 Psyche


Innate Abilities, Weirdness & Mutations

You are completely covered in rugged brown scales. (AC +3, +7% HP)
You have supernaturally acute eyesight. (SInv)
Armour fits poorly on your strangely shaped body.
You can roll at foes to attack.
You have a long armoured tail.


Message History

The puff of flame hits you!
Psyche begins to cast a cantrip, but forgets the words!
Psyche casts a spell at you. The magic dart hits you.
Psyche casts a spell.
Psyche seems to speed up.
Psyche laughs secretively.
Psyche looks braver for a moment.
You feel yourself speed up.
Psyche zaps a wand.
You are blasted!
Psyche zaps a wand.
You are blasted!
* * * LOW HITPOINT WARNING * * *
Roll where?
Press: ? - help, Dir - move target cursor, f/p - Psyche
Aim: Psyche, wielding a +3 dagger of distortion, wearing a +0 robe and carrying a wand of disintegration (15) (fast)
You roll forward with a clatter of scales!
You sock Psyche!
Psyche is moderately wounded.
Psyche hits you but does no damage. Space warps horribly around you!
You die...
Kikubaaqudgha rasps: "You have failed me!
Welcome... death!"

####### #.# #...#.####.###. #.#
##.##.# #.##+# #.# ####.##.#
#..... #.# #....##.# ##.#..
#.###.##..#.#####....
############.#>#.#.#.#.#.#.#.#.#
#.8.∩.<.8.##...........)....@...
#.####....####.#.#.#.#.#.#.#.#.#
#.# #.........☼@@.......=.......
#.# #....##..#.#.#.#.#.#.#.#.#.#
##.###.#.########################
.......#.# ##.......# #########


You could see Psyche (fast).

Vanquished Creatures
  Pikel (D:4)
  Maggie (D:8)
  A hippogriff (D:7)
  2 ice beasts (D:7)
  3 sky beasts
  A black bear (D:7)
  2 phantoms
  2 ogres
  3 centaurs
  A big kobold (D:8)
  6 bullfrogs
  A gnoll sergeant (D:7)
  4 scorpions
  A killer bee (D:8)
  A quasit (D:6)
  3 jellies
  3 hounds
  2 bullfrog skeletons (D:4)
  7 worker ants
  2 iguanas (D:4)
  2 orc wizards
  2 hound zombies
  8 gnolls
  8 adders
  A white imp (D:5)
  2 ufetubi (D:5)
  An ooze (D:3)
  An adder zombie (D:6)
  3 worms
  2 dart slugs
  3 leopard geckos
  8 orcs
  5 giant cockroaches
  4 hobgoblins
  9 jackals
  18 kobolds
  2 quokkas
  A ball python (D:6)
  7 bats
  7 frilled lizards
  6 goblins
  3 rats
150 creatures vanquished.

Vanquished Creatures (collateral kills)
  A bullfrog (D:8)
1 creature vanquished.

Grand Total: 151 creatures vanquished

Notes
Turn   | Place    | Note
-------+----------+-------------------------------------------
     0 | D:1      | KikubaaqudghaCute the Palentonga Warper began the quest for
                  | the Orb.
     0 | D:1      | Reached XP level 1. HP: 18/18 MP: 3/3
   256 | D:1      | Reached skill level 1 in Armour
   263 | D:1      | Reached XP level 2. HP: 23/25 MP: 5/5
   532 | D:1      | Learned a level 2 spell: Blink
   988 | D:1      | Reached XP level 3. HP: 32/32 MP: 6/6
  1935 | D:2      | Noticed an ogre
  2111 | D:2      | Learned a level 3 spell: Gell's Gravitas
  2141 | D:2      | Reached skill level 3 in Fighting
  2318 | D:2      | Reached XP level 4. HP: 24/40 MP: 7/7
  2654 | D:2      | Found a radiant altar of Vehumet.
  2656 | D:2      | Found a snail-covered altar of Cheibriados.
  2656 | D:2      | Found a shimmering altar of Xom.
  2957 | D:2      | Found a radiant altar of Vehumet.
  2957 | D:2      | Found a shimmering altar of Xom.
  2957 | D:2      | Found a shadowy altar of Dithmenos.
  3705 | D:3      | Found a sparkling altar of Nemelex Xobeh.
  4034 | D:4      | Reached XP level 5. HP: 44/48 MP: 8/8
  4059 | D:4      | Noticed an ogre
  4068 | D:4      | Killed an ogre
  4377 | D:4      | Reached skill level 4 in Fighting
  4377 | D:4      | Reached XP level 6. HP: 33/55 MP: 9/9
  4383 | D:4      | Learned a level 4 spell: Passage of Golubria
  4553 | D:4      | Noticed Pikel
  4673 | D:4      | Killed Pikel
  4673 | D:4      | Reached skill level 5 in Fighting
  4673 | D:4      | Reached skill level 5 in Maces & Flails
  4673 | D:4      | Reached XP level 7. HP: 35/65 MP: 10/10
  4918 | D:4      | Found a sacrificial altar of Ru.
  5185 | D:5      | Entered Level 5 of the Dungeon
  5340 | D:5      | Reached XP level 8. HP: 26/73 MP: 11/11
  5368 | D:4      | Reached skill level 1 in Throwing
  6139 | D:5      | Reached skill level 6 in Fighting
  6632 | D:6      | Found a staircase to the Ecumenical Temple.
  6636 | Temple   | Entered the Ecumenical Temple
  6715 | Temple   | Became a worshipper of Kikubaaqudgha
  6788 | D:6      | Reached skill level 5 in Translocations
  7522 | D:6      | Reached skill level 1 in Necromancy
  7870 | D:7      | Reached skill level 7 in Fighting
  8075 | D:7      | Reached XP level 9. HP: 82/84 MP: 12/12
  8721 | D:7      | Reached * piety under Kikubaaqudgha
  8721 | D:7      | Identified Kikubaaqudgha's Disquisition on Black Magic
                  | (Kikubaaqudgha gifted it to you on level 7 of the Dungeon)
  8721 | D:7      | Received a gift from Kikubaaqudgha
  8989 | D:7      | HP: 4/84 [gnoll/+0 spear (4)]
  9405 | D:7      | Reached skill level 1 in Staves
  9756 | D:7      | Got a jewelled leather armour
  9767 | D:7      | Identified the +0 leather armour of an ossuary {rN+} (You
                  | found it on level 7 of the Dungeon)
 10141 | D:8      | Reached skill level 1 in Shields
 10877 | D:8      | Noticed Psyche
 10905 | D:8      | Reached skill level 8 in Fighting
 11541 | D:7      | Upgraded the game from 0.26-a0-649-gf8c6c3aab7 to
                  | 0.26-a0-652-gafc20e3620
 11646 | D:8      | Noticed Maggie
 11685 | D:8      | Killed Maggie
 12010 | D:8      | Found Gubb's Weapon Shop.
 12013 | D:8      | Bought a +4 quarterstaff of speed for 408 gold pieces
 12087 | D:8      | Slain by Psyche

Illustrated notes

Levels and vault maps discovered:
D:1:      evilmike_arrival_plus, layout_basic, chequers_big_river
D:2:      layout_loops_corners, doesnt_xom_only_xom
D:3:      layout_rooms, nemelex_altar_shiori
D:4:      layout_loops_ring, marbit_many_paths, uniq_pikel
D:5:      layout_basic
D:6:      layout_loops_ring, minmay_temple_entry_grid, minmay_microvault
D:7:      layout_loops_cross
D:8:      layout_loops_ring, serial_shops, shop_statue, minmay_misc_feat_square,
          corexii_leaking_fountain, st_stairs_13, roderic_cross_of_infinity,
          uniq_maggie, uniq_psyche, uniq_maurice
Temple:   minmay_crystal_snake_temple

Skill      XL: |  1  2  3  4  5  6  7  8  9 |
---------------+----------------------------+-----
Armour         | 1 2 3 |  3.0
Maces & Flails | 3 4 5 7 |  7.3
Fighting       | 3 4 5 7 8 |  8.4
Dodging        | 2 3 |  3.0
Translocations | 4 5 |  5.0
Throwing       | 1 |  1.0
Necromancy     | 1 4 |  4.4
Staves         | 2 |  2.6
Shields        | 2 |  2.6
Spellcasting   | |  2.0

Action                   |  1- 3 |  4- 6 |  7- 9 || total
-------------------------+-------+-------+-------++-------
Melee: Mace              |   145 |    91 |       ||   236
       Tailslap          |     9 |    15 |    88 ||   112
       Whip              |       |       |   291 ||   291
       Staff             |       |       |   248 ||   248
       Quarterstaff      |       |       |     1 ||     1
Throw: Dart              |     3 |    28 |    20 ||    51
 Cast: Blink             |     6 |     4 |     3 ||    13
 Abil: Rolling Charge    |    14 |     2 |    20 ||    36
Evoke: Wand              |       |       |     4 ||     4
  Use: Scroll            |     7 |     2 |     7 ||    16
       Potion            |       |     1 |     5 ||     6
 Stab: Sleeping          |       |     2 |     1 ||     3
       Distracted        |       |     1 |       ||     1
       Fleeing           |       |       |     1 ||     1
Armor: Leather armour    |    58 |    27 |   164 ||   249
Dodge: Dodged            |    99 |    40 |   277 ||   416

Table legend: (Time is in decaauts)
 A = Elapsed time spent in this place.
 B = Non-inter-level travel time spent in this place.
 C = Inter-level travel time spent in this place.
 D = Time resting spent in this place.
 E = Time spent auto-exploring this place.
 F = Levels seen in this place.
 G = Mean time per level.
                   A        B        C        D        E       F      G
               +--------+--------+--------+--------+--------+-----+--------+
         Total |  12067 |  11729 |    338 |   2668 |   6726 |   9 | 1340.8 |
       Dungeon |  11950 |  11612 |    338 |   2668 |   6649 |   8 | 1493.8 |
        Temple |    116 |    116 |      0 |      0 |     77 |   1 |  116.0 |
               +--------+--------+--------+--------+--------+-----+--------+

Top non-repeatable levels by time:
     D:7: 2049 daAuts
     D:2: 2041 daAuts
     D:6: 1920 daAuts
     D:4: 1641 daAuts
     D:8: 1507 daAuts
     D:1: 1378 daAuts
     D:5: 1012 daAuts
     D:3: 400 daAuts
  Temple: 116 daAuts
